 Dungeon Crawl Stone Soup version 0.27-a0-899-ge2d0b17c59 (webtiles) character file.

Game seed: 9561006280738754947

629 scammafunk the Magician (level 7, -1/45 HPs)
             Began as a Djinni Conjurer on Apr 5, 2021.
             Was a Priest of Jiyva.
             Shot with an arrow by a centaur (5 damage)
             ... on level 5 of the Dungeon.
             The game lasted 00:21:03 (4905 turns).

scammafunk the Magician (Djinni Conjurer)           Turns: 4905, Time: 00:21:03

Health: -1/45      AC:  2    Str:  9    XL:     7   Next: 48%
Gold:   112        EV: 12    Int: 20    God:    Jiyva [***...] SH:  0 Dex: 10

rFire    + + .     SeeInvis .   b - +0 dagger
rCold    x . .     Faith    .   (no shield)
rNeg     . . .     Spirit   .   a - +0 robe
rPois    ∞         Reflect  .   (no helmet)
rElec    .         Harm     .   (no cloak)
rCorr    +         Rampage  .   (no gloves)
Will     .....                  (boots unavailable)
Stlth    ++........             (no amulet)
HPRegen  0.15/turn              (no ring)
MPRegen  0.00/turn              (no ring)

@: about to teleport, flying
A: fire resistance 2, cold vulnerability 1, float, innate caster, hp casting,
extra vitality 1, engulf
a: Renounce Religion, Request Jelly


You were on level 5 of the Dungeon.
You worshipped Jiyva.
Jiyva was most pleased with you.
You visited 1 branch of the dungeon, and saw 5 of its levels.

You collected 112 gold pieces.

Inventory:

Hand Weapons
 b - a +0 dagger (weapon)
 h - a +0 rapier
Armour
 a - a +0 robe (worn)
Jewellery
 c - a ring of ice
Scrolls
 f - a scroll of enchant weapon {unknown}
Potions
 e - a potion of cancellation
 g - a potion of lignification {unknown}


   Skills:
 - Level 2.1 Dodging
 - Level 1.5 Stealth
 + Level 7.6 Spellcasting


You had one spell level left.
You knew the following spells:

 Your Spells              Type           Power      Damage    Failure   Level
a - Magic Dart            Conj           100%       1d8       1%          1
b - Searing Ray           Conj           76%        3d6       1%          2
c - Dazzling Flash        Conj/Hex       76%        N/A       1%          3
d - Fulminant Prism       Conj/Hex       19%        3d11      3%          4
e - Iskenderun's Mystic   Conj/Tloc      38%        2d9       3%          4
f - Sandblast             Erth           76%        2d16      1%          1
g - Call Imp              Summ           38%        N/A       1%          2
h - Inner Flame           Hex/Fire       38%        N/A       1%          3
Your spell library was empty.

Dungeon Overview and Level Annotations

Branches:
Dungeon (5/15)
 Temple: D:4-7

Altars:
Jiyva

Shops:
D:1 (


Innate Abilities, Weirdness & Mutations

You are immune to poison.
Your flesh is very heat resistant. (rF++)
You are vulnerable to cold. (rC-)
You float through the air rather than walking.
You learn spells naturally, not from books.
Your magical power is your life essence.
You have superior vitality. (+4 HP)
Your melee attacks may engulf your foes in ooze.


Message History

The arrow barely misses you.
The centaur shoots an arrow.
The arrow hits you!
You can't see any susceptible monsters within range! (Use Z to cast anyway.)
Casting: Iskenderun's Mystic Blast (dangerous; 3% risk of failure)
Confirm with . or Enter, or press ? or * to list all spells.
Aiming: Fulminant Prism (dangerous; 3% risk of failure)
Press: ? - help, Dir - move target You conjure a prism of explosive energy!
A fulminant prism comes into view.
The centaur shoots an arrow.
The arrow hits your fulminant prism!
The centaur shoots an arrow.
The arrow hits your fulminant prism!
Your fulminant prism detonates feebly.
The centaur shoots an arrow.
The arrow misses you.
Casting: Fulminant Prism (dangerous; 3% risk of failure)
Confirm with . or Enter, or press ? or * to list all spells.
Aiming: Fulminant Prism (dangerous; 3% risk of failure)
Press: ? - help, Dir - move target You conjure a prism of explosive energy!
A fulminant prism comes into view.
The centaur shoots an arrow.
The arrow hits you!
You hear a loud crackle.
You hear an explosion!
The centaur wields a +0 shortbow.
The centaur shoots an arrow.
The arrow barely misses you.
The centaur shoots an arrow.
The arrow closely misses you.
Casting: Fulminant Prism (dangerous; 3% risk of failure)
Confirm with . or Enter, or press ? or * to list all spells.
Aiming: Fulminant Prism (dangerous; 3% risk of failure)
Press: ? - help, Dir - move target You miscast Fulminant Prism.
You are very lightly contaminated with residual magic.
Nothing appears to happen.
The centaur shoots an arrow.
The arrow hits you!
* * * LOW HITPOINT WARNING * * *
Unknown command.
It was a potion of cancellation.
You feel magically purged.
Your magical contamination has completely faded away.
The centaur shoots an arrow.
The arrow closely misses you.
As you read the scroll labelled VEOQYIVEYLO, it crumbles to dust.
You feel strangely unstable.
It was a scroll of teleportation.
The centaur shoots an arrow.
The arrow hits you.
You die...

.# ##... #.#
##.... ...#
##..... #..
#...... ... ..
+...... ###c#c..#
#...... #......#
#..... #.#. .#
##.... #@#. .#
##... #.#.##.#####
##'#
#.#..#.#...### #.#
#.##...#.[.'.# #.#
#.##...#...#.###.#
#......#####.##...
###...####.#......
#......#.####...
#...##.#.#####.#


You could see a centaur.

Vanquished Creatures
  Menkaure (D:4)
  Edmund (D:4)
  A water moccasin (D:5)
  An ogre (D:5)
  2 orc priests (D:4)
  2 orc wizards (D:4)
  2 gnolls (D:4)
  4 adders
  6 orcs
  2 endoplasms (D:1)
  4 giant cockroaches
  3 goblins
  4 hobgoblins
  5 jackals
  6 ball pythons
  2 bats
  3 frilled lizards (D:1)
  4 rats
53 creatures vanquished.

Vanquished Creatures (others)
  An ogre (D:4)
  6 jellies
  A centaur skeleton (D:4)
  2 orc priests (D:3)
  Jessica (D:3)
  An iguana (D:5)
  Robin (D:4)
  4 gnolls
  3 adders
  A howler monkey skeleton (D:4)
  2 worms (D:2)
  A dart slug (D:2)
  6 orcs
  5 bats
  2 endoplasms (D:2)
  5 hobgoblins
  4 jackals (D:4)
  A kobold (D:3)
  2 quokkas (D:2)
  3 ball pythons
  3 frilled lizards (D:2)
  8 goblins (D:4)
  7 fulminant prisms
  10 fungi (D:4)
  4 toadstools (D:4)
84 creatures vanquished.

Grand Total: 137 creatures vanquished

Notes
Turn   | Place    | Note
-------+----------+-------------------------------------------
     0 | D:1      | scammafunk the Djinni Conjurer began the quest for the Orb.
     0 | D:1      | Reached XP level 1. HP: 15/15 MP: 0/0
    14 | D:1      | Found Heyskel's Weapon Shop.
   391 | D:1      | Reached XP level 2. HP: 10/21 MP: 0/0
   392 | D:1      | Reached skill level 4 in Spellcasting
   952 | D:1      | Found a faded altar of an unknown god.
   954 | D:1      | Became a worshipper of Jiyva Jousa the Shapeless
   954 | D:1      | Reached * piety under Jiyva
  1418 | D:2      | Reached XP level 3. HP: 18/25 MP: 0/0
  1418 | D:2      | Learned a level 1 spell: Sandblast
  2166 | D:3      | Reached ** piety under Jiyva
  2268 | D:3      | Killed Jessica
  2791 | D:3      | Reached XP level 4. HP: 29/31 MP: 0/0
  3321 | D:4      | Reached skill level 5 in Spellcasting
  3453 | D:4      | HP: 1/31 [orc priest/divine providence (13)]
  3454 | D:4      | Reached XP level 5. HP: 1/35 MP: 0/0
  3454 | D:4      | Learned a level 2 spell: Call Imp
  3594 | D:4      | Reached *** piety under Jiyva
  3674 | D:4      | Killed Robin
  3676 | D:4      | Gained mutation: Your melee attacks may engulf your foes in
                  | ooze. [Jiyva's grace]
  3722 | D:4      | Killed an ogre
  3874 | D:4      | Noticed Edmund
  3883 | D:4      | Killed Edmund
  3884 | D:4      | Reached skill level 6 in Spellcasting
  3884 | D:4      | Reached XP level 6. HP: 20/40 MP: 0/0
  4084 | D:4      | Noticed Menkaure
  4089 | D:4      | Killed Menkaure
  4090 | D:4      | Reached XP level 7. HP: 39/45 MP: 0/0
  4090 | D:4      | Learned a level 3 spell: Inner Flame
  4515 | D:5      | Entered Level 5 of the Dungeon
  4519 | D:5      | Reached skill level 7 in Spellcasting
  4905 | D:5      | Shot with an arrow by a centaur

Illustrated notes

Levels and vault maps discovered:
D:1:      lightli_arrival_flooded_house, layout_basic,
          chequers_ecumenical_altar_twisty, serial_shops, shop,
          minmay_misc_feat_secret_circle
D:2:      layout_loops_cross, minmay_vboxes
D:3:      layout_basic, minmay_misc_feat_roman, uniq_jessica
D:4:      layout_loops_cross, minmay_gold_behind_fungi, uniq_menkaure,
          uniq_robin, uniq_edmund
D:5:      minmay_octagon_keep, layout_loops_corners,
          minmay_temple_entry_nine_rooms, eino_tiny_chamber

Skill      XL: |  1  2  3  4  5  6  7 |
---------------+----------------------+-----
Spellcasting   | 4 5 6 7 |  7.6
Dodging        | |  2.1
Stealth        | |  1.5

Action                   |  1- 3 |  4- 6 |  7- 9 || total
-------------------------+-------+-------+-------++-------
Melee: Dagger            |     5 |       |       ||     5
 Cast: Magic Dart        |    61 |    19 |     8 ||    88
       Searing Ray       |     1 |     8 |       ||     9
       Fulminant Prism   |       |     3 |     4 ||     7
       Iskenderun's Myst |       |     1 |     3 ||     4
Invok: Request Jelly     |     1 |     1 |       ||     2
  Use: Potion            |       |     3 |     1 ||     4
       Scroll            |       |       |     1 ||     1
Armor: Robe              |     2 |     2 |     1 ||     5
Dodge: Dodged            |    15 |     8 |     6 ||    29

Table legend: (Time is in decaauts)
 A = Elapsed time spent in this place.
 B = Non-inter-level travel time spent in this place.
 C = Inter-level travel time spent in this place.
 D = Time resting spent in this place.
 E = Time spent auto-exploring this place.
 F = Levels seen in this place.
 G = Mean time per level.
                   A        B        C        D        E       F      G
               +--------+--------+--------+--------+--------+-----+--------+
         Total |   4903 |   4768 |    135 |    824 |   3281 |   5 |  980.6 |
       Dungeon |   4903 |   4768 |    135 |    824 |   3281 |   5 |  980.6 |
               +--------+--------+--------+--------+--------+-----+--------+

Top non-repeatable levels by time:
     D:1: 1309 daAuts
     D:4: 1280 daAuts
     D:3: 1083 daAuts
     D:2: 839 daAuts
     D:5: 389 daAuts
